 Dungeon Crawl Stone Soup version 0.27-a0-906-g0a00ce863d (webtiles) character file.

Game seed: 12035001318400154609

31 kae the Ruffian (level 3, 0/28 HPs)
             Began as a Demonspawn Gladiator on Apr 6, 2021.
             Slain by an orc warrior
             ... wielding a +0 long sword
              (4 damage)
             ... on level 1 of the Dungeon.
             The game lasted 00:01:50 (1853 turns).

kae the Ruffian (Demonspawn Gladiator)              Turns: 1853, Time: 00:01:50

Health: 0/28       AC:  5    Str: 15    XL:     3   Next: 7%
Magic:  3/3        EV: 15    Int:  9    God:
Gold:   28         SH:  0    Dex: 14    Spells: 2/2 levels left

rFire    . . .     SeeInvis .     - Unarmed
rCold    . . .     Faith    .   (no shield)
rNeg     . . .     Spirit   .   a - +1 leather armour
rPois    .         Reflect  .   b - +0 helmet
rElec    .         Harm     .   (no cloak)
rCorr    .         Rampage  .   (no gloves)
Will     .....                  (no boots)
Stlth    +.........             (no amulet)
HPRegen  0.09/turn              (no ring)
MPRegen  0.08/turn              (no ring)

@: brilliant
A: repulsion field 2
a: no special abilities


You were on level 1 of the Dungeon.
You visited 1 branch of the dungeon, and saw 2 of its levels.

You collected 28 gold pieces.

Inventory:

Missiles
 c - 3 throwing nets (quivered)
Armour
 a - a +1 leather armour (worn)
 b - a +0 helmet (worn)
Potions
 e - a potion of haste {unknown}
 g - 2 potions of mutation {unknown}
 h - a potion of curing {unknown}


   Skills:
 + Level 2.4 Fighting
 - Level 1.7 Throwing
 + Level 3.0 Dodging
 * Level 3.3 Unarmed Combat


You had 2 spell levels left.
You didn't know any spells.
Your spell library was empty.

Dungeon Overview and Level Annotations

Branches:
Dungeon (2/15)

Altars:


Innate Abilities, Weirdness & Mutations

You are surrounded by a moderate repulsion field. (EV +3)


Message History

Okay, then.
The orc warrior closely misses you.
As you read the scroll labelled BIAKLAICIF, it crumbles to dust.
The scroll dissolves into smoke.
It was a scroll of fog.
You see here 12 sling bullets.
As you read the scroll labelled ROEVIR IPSU, it crumbles to dust.
Magic quickly surges around you.
It was a scroll of vulnerability.
You see here 16 arrows.
You feel your willpower return.
The orc warrior hits you with a +0 long sword.
There is a stone staircase leading down here.
There is a stone staircase leading down here.
There is a stone staircase leading down here.
There is a stone staircase leading down here.
There is a stone staircase leading down here.
There is a stone staircase leading down here.
You aren't carrying any scrolls.
Okay, then.
It was a potion of brilliance.
You feel clever all of a sudden. The orc warrior misses you.
There is a stone staircase leading down here.
You climb downwards.
A frilled lizard, a rat, 3 gnolls and an ogre come into view.
The frilled lizard hisses angrily.
The ogre shouts!
The gnoll hits you with a +0 flail!
The gnoll shouts!
Found a glowing dagger.
Found two stone staircases leading down.
There is a stone staircase leading up, spattered with blood here.
You hear a shout!
The gnoll misses you. The gnoll hits you with a +0 club.
You climb upwards.
The orc warrior hits you with a +0 long sword!
* * * LOW HITPOINT WARNING * * *
The orc warrior hits you with a +0 long sword.
* * * LOW HITPOINT WARNING * * *
There is a stone staircase leading down, spattered with blood here.
The orc warrior hits you with a +0 long sword.
You die...

########### #.........#
####.........#
###............########
..#.##..........@g....##########
................go.............#
.######........######.########.##
.##..###.......# #.# #..).†.
......###......######.# #.##.##
...#...##.............## #.##.#
..##....#.#.########...# #.##.#
.##.##..#.#.# #...# #.##.#
.#.##..##.#.# ####...####.##.##


You could see an orc warrior and 2 gnolls.

Vanquished Creatures
  A dart slug (D:1)
  A worm (D:1)
  An orc (D:2)
  5 endoplasms (D:1)
  A giant cockroach (D:1)
  3 goblins
  2 hobgoblins
  2 quokkas
  A ball python (D:1)
  2 bats (D:1)
  A frilled lizard (D:1)
  A kobold (D:1)
  2 rats (D:1)
23 creatures vanquished.

Notes
Turn   | Place    | Note
-------+----------+-------------------------------------------
     0 | D:1      | kae the Demonspawn Gladiator began the quest for the Orb.
     0 | D:1      | Reached XP level 1. HP: 16/16 MP: 1/1
    88 | D:1      | Found a faded altar of an unknown god.
   198 | D:1      | Gained mutation: You are surrounded by a mild repulsion
                  | field. (EV +2) [demonic ancestry]
   198 | D:1      | Reached XP level 2. HP: 17/22 MP: 2/2
  1410 | D:1      | Gained mutation: You are surrounded by a moderate repulsion
                  | field. (EV +3) [demonic ancestry]
  1410 | D:1      | Reached XP level 3. HP: 13/28 MP: 3/3
  1582 | D:2      | Noticed an orc warrior
  1850 | D:2      | Noticed an ogre
  1853 | D:1      | Slain by an orc warrior

Illustrated notes

Levels and vault maps discovered:
D:1:      eino_arrival_tree_alley, layout_loops_ring, basic_ecumenical_altar,
          minmay_cupped
D:2:      layout_rooms, kennysheep_donut, kennysheep_generic_room_7

Skill      XL: |  1  2 |
---------------+-------+-----
Unarmed Combat | 3 |  3.3
Dodging        | 3 |  3.0
Fighting       | |  2.4
Throwing       | |  1.7

Action                   || total
-------------------------++-------
Melee: Unarmed           ||   115
       Punch             ||     2
  Use: Scroll            ||     6
       Potion            ||     1
Armor: Leather armour    ||    26
Dodge: Dodged            ||    94

Table legend: (Time is in decaauts)
 A = Elapsed time spent in this place.
 B = Non-inter-level travel time spent in this place.
 C = Inter-level travel time spent in this place.
 D = Time resting spent in this place.
 E = Time spent auto-exploring this place.
 F = Levels seen in this place.
 G = Mean time per level.
                   A        B        C        D        E       F      G
               +--------+--------+--------+--------+--------+-----+--------+
         Total |   1849 |   1820 |     29 |    164 |   1124 |   2 |  924.5 |
       Dungeon |   1849 |   1820 |     29 |    164 |   1124 |   2 |  924.5 |
               +--------+--------+--------+--------+--------+-----+--------+

Top non-repeatable levels by time:
     D:1: 1627 daAuts
     D:2: 222 daAuts
